 Dungeon Crawl Stone Soup version 0.22-a0-40-g3d2f077 (webtiles) character file.

26418 theanonym the Stormcaller (level 13, -1/82 HPs)
             Began as a Tengu Air Elementalist on Jan 4, 2018.
             Was a High Priest of Vehumet.
             Killed from afar by a frost giant (29 damage)
             ... with a bolt of cold
             ... in an ice cave.
             The game lasted 01:08:41 (21364 turns).

theanonym the Stormcaller (Tengu Air Elementalist) Turns: 21364, Time: 01:08:42

Health: -1/82      AC:  5    Str:  8    XL:     13   Next: 25%
Magic:  5/26       EV: 19    Int: 21    God:    Vehumet [*****.]
Gold:   887        SH:  9    Dex: 20    Spells: 2/28 levels left

rFire    . . .     SeeInvis .   a - staff of air {rElec}
rCold    + . .     Gourm    .   J - +0 buckler
rNeg     . . .     Faith    .   M - +2 leather armour "Ufez" {rElec rC+ Dex+5, 4}
rPois    .         Spirit   .   (helmet restricted)
rElec    +         Reflect  +   (no cloak)
rCorr    .         Harm     .   (no gloves)
MR       .....                  (boots unavailable)
Stlth    ++........             I - +3 amulet of reflection
HPRegen  0.23/turn              i - +4 ring of slaying
MPRegen  0.20/turn              y - +1 ring of evasion

@: flying quickly and evasively, quick
A: beak, talons 3, able to fly 1
a: Renounce Religion


Innate Abilities, Weirdness & Mutations

You have a beak for a mouth.
You have claws for feet.
You can fly.


   Skills:
 - Level 10.0 Fighting
 - Level 5.0 Armour
 - Level 5.0 Dodging
 - Level 2.0 Stealth
 - Level 4.0 Shields
 + Level 8.3 Spellcasting
 * Level 12.4 Conjurations
 - Level 3.0 Charms
 - Level 3.0 Translocations
 - Level 15.0 Air Magic


You had 2 spell levels left.
You knew the following spells:

 Your Spells              Type           Power        Failure   Level  Hunger
a - Shock                 Conj/Air       ####         1%          1    None
b - Static Discharge      Conj/Air       #######.     1%          3    None
c - Lightning Bolt        Conj/Air       #######...   1%          5    #####..
d - Mephitic Cloud        Conj/Pois/Air  ######..     1%          3    None
e - Airstrike             Air            #######...   1%          4    ###....
g - Blink                 Tloc           N/A          4%          2    None
q - Apportation           Tloc           ###...       3%          1    None
s - Swiftness             Chrm/Air       ######..     1%          2    None
t - Iskenderun's Battles  Conj/Chrm      #####...     3%          5    #####..

Skill      XL: |  1  2  3  4  5  6  7  8  9 10 11 12 13 |
---------------+----------------------------------------+-----
Conjurations   | 2 3 4 5 6 7 9 10 11 12 | 12.4
Air Magic      | 5 6 7 9 10 13 14 15 | 15.0
Spellcasting   | 3 5 7 8 |  8.3
Armour         | 3 5 |  5.0
Fighting       | 4 7 9 10 | 10.0
Charms         | 3 |  3.0
Shields        | 4 |  4.0
Dodging        | 4 5 |  5.0
Translocations | 3 |  3.0
Stealth        | |  2.0

Action                   |  1- 3 |  4- 6 |  7- 9 | 10-12 | 13-15 || total
-------------------------+-------+-------+-------+-------+-------++-------
Melee: Unarmed           |     2 |     7 |       |       |       ||     9
       Kick              |     1 |     9 |    27 |    38 |     3 ||    78
       Dagger            |       |    32 |   117 |    52 |       ||   201
       Peck              |       |     1 |    21 |    30 |     4 ||    56
       Staff             |       |       |       |    74 |     9 ||    83
Throw: Throwing net      |       |       |       |       |     2 ||     2
 Cast: Shock             |    46 |    96 |    88 |   258 |    58 ||   546
       Static Discharge  |     2 |     5 |    16 |    61 |    14 ||    98
       Lightning Bolt    |       |       |    17 |    78 |    11 ||   106
       Airstrike         |       |       |       |    33 |       ||    33
       Iskenderun's Batt |       |       |       |     4 |    13 ||    17
       Apportation       |       |       |       |     2 |       ||     2
       Blink             |       |       |       |     1 |       ||     1
       Mephitic Cloud    |       |       |       |       |     1 ||     1
 Abil: Fly               |       |     1 |    13 |    27 |     7 ||    48
Evoke: Wand              |       |       |     5 |     2 |     2 ||     9
  Use: Potion            |     1 |     3 |     3 |     1 |     2 ||    10
       Scroll            |       |    10 |     6 |     9 |       ||    25
 Stab: Sleeping          |       |     1 |     2 |       |       ||     3
       Paralysed         |       |       |     6 |     4 |     4 ||    14
       Held in net/web   |       |       |       |       |     1 ||     1
  Eat: Ration            |     1 |     2 |     6 |    11 |     1 ||    21
       Chunk             |       |     2 |     8 |    27 |    10 ||    47
Armor: Robe              |     2 |     4 |       |       |       ||     6
       Leather armour    |       |     1 |    20 |    47 |     6 ||    74
Dodge: Dodged            |     7 |    39 |    96 |   196 |    48 ||   386
Block: Buckler           |       |       |       |    67 |    22 ||    89
       Reflection        |       |       |       |     3 |       ||     3
       Other             |       |       |       |     2 |       ||     2

Inventory:

Missiles
 C - a throwing net (quivered)
Armour
 J - a +0 buckler (worn)
   (You took it off an orc wizard on level 9 of the Dungeon)
 M - the +2 leather armour "Ufez" (worn) {rElec rC+ Dex+5, 4}
   (You found it on level 8 of the Dungeon)

   It affects your dexterity (+5).
   It protects you from cold.
   It insulates you from electricity.
Magical Staves
 a - an uncursed staff of air (weapon) {rElec}
   (You found it on level 8 of the Dungeon)
 R - an uncursed staff of wizardry {Wiz}
   (You found it in an ice cave)
Jewellery
 i - a +4 ring of slaying (left hand)
   (You found it on level 2 of the Dungeon)
 y - a +1 ring of evasion (right hand)
   (You found it on level 7 of the Dungeon)
 I - a +3 amulet of reflection (around neck)
   (You took it off an orc priest on level 10 of the Dungeon)
Wands
 d - a wand of digging (13)
   (You found it on level 11 of the Dungeon)
 f - a wand of iceblast (28)
   (You took it off a gnoll shaman on level 8 of the Dungeon)
 g - a wand of polymorph (12)
   (You found it on level 9 of the Dungeon)
 l - a wand of enslavement (22)
   (You found it on level 8 of the Dungeon)
 v - a wand of acid (32)
   (You found it on level 8 of the Dungeon)
Scrolls
 b - 3 scrolls of enchant weapon
 h - 3 scrolls of amnesia
 k - a scroll of brand weapon {unknown}
 n - 2 scrolls of enchant armour
 r - 3 scrolls of identify
 s - a scroll of immolation
 t - a scroll of teleportation {!r}
 D - 6 scrolls of remove curse
 E - 2 scrolls of fear
 F - 2 scrolls of magic mapping {unknown}
Potions
 j - 2 potions of agility
 m - 5 potions of might
 o - 3 potions of invisibility
 p - a potion of lignification
 q - a potion of heal wounds
 u - a potion of haste
 w - 2 potions of curing
 z - 2 potions of brilliance
 G - 2 potions of flight
 L - 2 potions of mutation {unknown}
 Q - 2 potions of berserk rage
Books
 c - a book of Air
 x - a book of Cantrips
   (You found it on level 7 of the Dungeon)
 B - a book of Power
   (You found it on level 8 of the Dungeon)
 H - a book of Minor Magic
   (You found it on level 10 of the Dungeon)
 K - a book of Conjurations
   (You found it on level 1 of the Lair of Beasts)
Miscellaneous
 N - a sack of spiders
 O - a fan of gales
   (You found it on level 11 of the Dungeon)
Comestibles
 e - 5 rations You were in an ice cave. You worshipped Vehumet. Vehumet was extremely pleased with you. You were not hungry. You visited 4 branches of the dungeon, and saw 15 of its levels. You also visited: Ice Cave. You collected 887 gold pieces.

Dungeon Overview and Level Annotations

Branches:
Dungeon (11/15)            Temple (1/1) D:7            Lair (2/6) D:11
    Orc (1/2) D:10
  Swamp: Lair:2-4    Shoals: Lair:2-4     Snake: Lair:2-4    Spider: Lair:2-4

Altars:
Ashenzari
Cheibriados
Dithmenos
Elyvilon
Fedhas
Gozag
Hepliaklqana
Kikubaaqudgha
Makhleb
Nemelex Xobeh
Okawaru
Qazlal
Ru
Sif Muna
Trog
Uskayaw
Vehumet
Wu Jian
Xom
Yredelemnul
Zin
The Shining One

Shops:
D:5 }   D:7 :

Annotations:
Orc:1 Josephine, Snorg

#..##.##≈≈#≈
#.###.# ≈≈≈
##.#.##
#....#
#.#.##
##.### #.##
#.## #.@#
##.# ##C#
#.## #.# #..
##.. ...
#.C.


You could see a frost giant.

Notes
Turn   | Place    | Note
-------+----------+-------------------------------------------
     0 | D:1      | theanonym the Tengu Air Elementalist began the quest for the Orb.
     0 | D:1      | Reached XP level 1. HP: 10/10 MP: 4/4
    28 | D:1      | Reached skill level 2 in Conjurations
   105 | D:1      | Reached XP level 2. HP: 15/15 MP: 3/6
   147 | D:1      | Learned a level 2 spell: Swiftness
   468 | D:1      | Reached skill level 3 in Conjurations
   590 | D:1      | Reached XP level 3. HP: 19/19 MP: 3/7
   650 | D:1      | theanonym: !stats teae
   806 | D:2      | Noticed Natasha
   809 | D:2      | Killed Natasha
   809 | D:2      | Reached skill level 4 in Conjurations
   857 | D:1      | Learned a level 3 spell: Static Discharge
   880 | D:2      | Noticed Natasha
   883 | D:2      | HP: 8/19 [/static electricity (3)]
   892 | D:2      | HP: 5/28 [Natasha (7)]
   893 | D:2      | Killed Natasha
   893 | D:2      | Reached skill level 5 in Air Magic
   893 | D:2      | Reached XP level 4. HP: 7/24 MP: 2/8
   898 | D:2      | beem: Starting stats for TeAE: Str 8 Int 15 Dex 14. Stat gain: sid/4
  1116 | D:1      | theanonym: !calc 27/4
  1116 | D:1      | beem: 6
  1235 | D:1      | HP: 10/24 [adder (4)]
  1420 | D:2      | Noticed Natasha
  1430 | D:2      | Killed Natasha
  1430 | D:2      | Reached skill level 5 in Conjurations
  1430 | D:2      | Gained mutation: You can fly. [Tengu growth]
  1430 | D:2      | Reached XP level 5. HP: 15/28 MP: 1/9
  2505 | D:3      | HP: 14/28 [poisoned by an adder]
  2513 | D:3      | HP: 13/28 [poisoned by an adder]
  2806 | D:3      | Found a burning altar of Makhleb.
  3129 | D:3      | Noticed a water moccasin
  3137 | D:3      | HP: 12/28 [poisoned by a water moccasin]
  3138 | D:3      | HP: 5/28 [poisoned by a water moccasin]
  3140 | D:3      | Killed a water moccasin
  3140 | D:3      | Reached skill level 3 in Spellcasting
  3140 | D:3      | Reached skill level 6 in Conjurations
  3140 | D:3      | Reached skill level 6 in Air Magic
  3140 | D:3      | Reached XP level 6. HP: 15/32 MP: 1/11
  3550 | D:3      | Learned a level 5 spell: Lightning Bolt
  4188 | D:4      | Reached XP level 7. HP: 36/36 MP: 6/12
  4864 | D:5      | Entered Level 5 of the Dungeon
  5047 | D:5      | Found Aly Tuy's Gadget Boutique.
  5199 | D:5      | Found an opulent altar of Gozag.
  5204 | D:5      | Reached skill level 7 in Air Magic
  5343 | D:5      | Reached skill level 1 in Armour
  5343 | D:5      | Reached skill level 7 in Conjurations
  5582 | D:5      | HP: 18/36 [poison (poison gas)]
  5587 | D:5      | HP: 11/36 [poison (poison gas)]
  5612 | D:5      | HP: 18/36 [poison (poison gas)]
  5620 | D:5      | HP: 17/36 [poison (poison gas)]
  5629 | D:5      | Reached skill level 2 in Armour
  6142 | D:6      | HP: 11/36 [ice beast (10)]
  6369 | D:6      | Reached skill level 3 in Armour
  6369 | D:6      | Reached XP level 8. HP: 34/41 MP: 2/13
  6393 | D:6      | Reached skill level 8 in Air Magic
  6491 | D:6      | Reached skill level 8 in Conjurations
  6508 | D:6      | Found an ornate altar of the Wu Jian Council.
  6651 | D:6      | HP: 19/41 [poison (poison gas)]
  6656 | D:6      | HP: 11/41 [poison (poison gas)]
  6661 | D:6      | HP: 9/41 [poison (poison gas)]
  7063 | D:6      | Found a glowing golden altar of the Shining One.
  7155 | D:6      | Reached skill level 4 in Armour
  7335 | D:6      | Noticed Edmund
  7491 | D:6      | Killed Edmund
  7491 | D:6      | Reached skill level 9 in Conjurations
  7491 | D:6      | Reached skill level 9 in Air Magic
  7508 | D:6      | Noticed Sigmund
  7515 | D:6      | Killed Sigmund
  7515 | D:6      | Reached skill level 5 in Armour
  7713 | D:7      | Noticed Torax's ghost (novice OpMo)
  7808 | D:7      | Found Axtoanus's Book Shop.
  7822 | D:7      | Reached XP level 9. HP: 46/46 MP: 2/14
  7843 | D:6      | HP: 23/46 [bullfrog (2)]
  7849 | D:6      | Reached skill level 1 in Fighting
  8098 | D:7      | Found a staircase to the Ecumenical Temple.
  8112 | Temple   | Entered the Ecumenical Temple
  8516 | D:7      | Killed Torax's ghost
  8516 | D:7      | Reached skill level 2 in Fighting
  8516 | D:7      | Reached skill level 4 in Spellcasting
  8522 | D:7      | Learned a level 4 spell: Airstrike
  8766 | D:7      | Found a shattered altar of Ashenzari.
  8766 | D:7      | Found a sacrificial altar of Ru.
  8767 | D:7      | Found a radiant altar of Vehumet.
  8848 | D:7      | Reached skill level 10 in Air Magic
  8896 | D:7      | Became a worshipper of Vehumet
  9041 | D:8      | Noticed Torax's ghost (novice OpMo)
  9048 | D:8      | Reached skill level 10 in Conjurations
  9048 | D:8      | HP: 23/49 [Torax's ghost (6)]
  9338 | D:8      | Noticed a two-headed ogre
  9363 | D:8      | Killed a two-headed ogre
  9363 | D:8      | Reached skill level 3 in Fighting
  9363 | D:8      | Reached skill level 5 in Spellcasting
  9379 | D:7      | Reached skill level 4 in Fighting
  9468 | D:8      | HP: 25/52 [/static electricity (2)]
  9468 | D:8      | Reached XP level 10. HP: 25/56 MP: 5/18
  9799 | D:8      | Reached skill level 11 in Air Magic
  9803 | D:8      | HP: 25/58 [gnoll/flail (7)]
  9809 | D:8      | HP: 12/58 [gnoll/stone (4)]
  9811 | D:8      | HP: 5/58 [gnoll/stone (3)]
  9812 | D:8      | HP: 1/58 [gnoll/stone (4)]
 10060 | D:8      | Killed Torax's ghost
 10060 | D:8      | Reached skill level 5 in Fighting
 10363 | D:8      | Found a shadowy altar of Dithmenos.
 10764 | D:8      | Found a glowing silver altar of Zin.
 10843 | D:9      | Reached * piety under Vehumet
 10843 | D:9      | Offered knowledge of Sting by Vehumet.
 10851 | D:9      | HP: 28/60 [orc/mace (6)]
 11191 | D:9      | Found a shimmering altar of Xom.
 11191 | D:9      | Found an ancient bone altar of Kikubaaqudgha.
 11228 | D:9      | Found a stormy altar of Qazlal.
 11317 | D:9      | Reached skill level 6 in Fighting
 11317 | D:9      | Reached skill level 12 in Air Magic
 11933 | D:9      | Reached skill level 7 in Fighting
 11934 | D:9      | Reached skill level 13 in Air Magic
 11938 | D:9      | HP: 29/63 [yak (11)]
 11942 | D:9      | Reached XP level 11. HP: 27/68 MP: 3/19
 12142 | D:9      | Learned a level 5 spell: Iskenderun's Battlesphere
 12285 | D:9      | Found a blossoming altar of Fedhas.
 12464 | D:9      | You fall through a shaft!
 12464 | D:10     | Entered Level 10 of the Dungeon
 12464 | D:10     | Noticed a two-headed ogre
 12481 | D:10     | Killed a two-headed ogre
 12481 | D:10     | Reached skill level 1 in Charms
 12482 | D:10     | Reached skill level 8 in Fighting
 12497 | D:10     | Noticed a two-headed ogre
 12558 | D:10     | Noticed a two-headed ogre
 12767 | D:10     | Reached ** piety under Vehumet
 12767 | D:10     | Offered knowledge of Magic Dart by Vehumet.
 12866 | D:10     | Killed a two-headed ogre
 12866 | D:10     | Reached skill level 2 in Charms
 12874 | D:10     | Killed a two-headed ogre
 13245 | D:9      | HP: 30/69 [something (6)]
 13248 | D:9      | HP: 14/69 [something (11)]
 13643 | D:10     | HP: 33/69 [warg (12)]
 14077 | D:10     | Reached skill level 3 in Charms
 14348 | D:10     | Reached skill level 1 in Shields
 14704 | D:10     | Found a staircase to the Orcish Mines.
 14804 | D:10     | Reached skill level 2 in Shields
 15036 | Orc:1    | Entered Level 1 of the Orcish Mines
 15036 | Orc:1    | Noticed Snorg
 15039 | Orc:1    | Noticed Josephine
 15169 | D:8      | Got a faintly glowing leather armour {4}
 15170 | D:8      | Identified the +2 leather armour "Ufez" {rElec rC+ Dex+5, 4} (You found it on level 8 of the Dungeon)
 15256 | D:11     | Reached skill level 3 in Shields
 15256 | D:11     | Offered knowledge of Stone Arrow by Vehumet.
 15399 | D:11     | Noticed a cyan ugly thing
 15599 | D:11     | Reached skill level 4 in Shields
 15690 | D:11     | Reached *** piety under Vehumet
 15783 | D:11     | Reached skill level 3 in Dodging
 15985 | D:11     | Offered knowledge of Fulminant Prism by Vehumet.
 16074 | D:11     | Reached skill level 9 in Fighting
 16656 | D:11     | HP: 25/71 [crocodile (11)]
 16658 | D:11     | Reached skill level 4 in Dodging
 16894 | D:11     | Reached XP level 12. HP: 75/76 MP: 3/21
 17032 | D:11     | Learned a level 2 spell: Blink
 17225 | D:11     | Noticed Sonja
 17236 | D:11     | Killed Sonja
 17428 | D:11     | Reached skill level 6 in Spellcasting
 17665 | D:11     | Reached skill level 5 in Dodging
 17714 | D:11     | Found a staircase to the Lair.
 17987 | Lair:1   | Entered Level 1 of the Lair of Beasts
 18051 | D:11     | Reached **** piety under Vehumet
 18053 | D:11     | Reached skill level 1 in Translocations
 18215 | Lair:1   | Offered knowledge of Lee's Rapid Deconstruction by Vehumet.
 18380 | Lair:1   | Reached skill level 2 in Translocations
 18380 | Lair:1   | Reached skill level 14 in Air Magic
 19383 | Lair:1   | Learned a level 1 spell: Apportation
 19412 | Lair:2   | Found a frozen archway.
 19415 | Lair:2   | Reached skill level 3 in Translocations
 19420 | Lair:2   | Reached skill level 10 in Fighting
 19548 | Lair:2   | Reached skill level 7 in Spellcasting
 19667 | IceCv    | Entered an ice cave
 20022 | IceCv    | Reached skill level 11 in Conjurations
 20093 | IceCv    | Noticed a death yak
 20095 | IceCv    | Noticed a death yak
 20097 | IceCv    | Killed a death yak
 20098 | IceCv    | Killed a death yak
 20098 | IceCv    | Reached XP level 13. HP: 82/82 MP: 15/25
 20104 | IceCv    | Learned a level 3 spell: Mephitic Cloud
 20290 | IceCv    | Reached skill level 8 in Spellcasting
 20290 | IceCv    | HP: 39/82 [yak (13)]
 20298 | IceCv    | HP: 40/82 [wolf (1)]
 20316 | IceCv    | Reached ***** piety under Vehumet
 20414 | IceCv    | Offered knowledge of Freezing Cloud by Vehumet.
 20596 | IceCv    | Reached skill level 12 in Conjurations
 21087 | IceCv    | Reached skill level 15 in Air Magic
 21174 | IceCv    | Noticed a frost giant
 21361 | IceCv    | HP: 29/82 [frost giant/battleaxe of freezing (26)]
 21362 | IceCv    | HP: 14/82 [frost giant/battleaxe of freezing (33)]
 21364 | IceCv    | Killed from afar by a frost giant

Vanquished Creatures
  4 two-headed ogres
  2 death yaks (IceCv)
  The ghost of Torax the Martial Artist, a novice OpMo of Dithmenos (D:8)
  Sonja (D:11)
  The ghost of Torax the Martial Artist, a novice OpMo of Trog (D:7)
  A torpor snail (Lair:2)
  2 spiny frogs
  A komodo dragon (D:11)
  A hornet (Lair:1)
  13 polar bears (IceCv)
  A hippogriff (D:10)
  Sigmund (D:6)
  A wraith (D:11)
  A spriggan (D:7)
  2 basilisks (D:11)
  52 yaks
  A wyvern (D:11)
  A hungry ghost (D:11)
  A steam dragon (D:11)
  Edmund (D:6)
  3 wargs (D:10)
  3 water moccasins
  A porcupine (Lair:2)
  5 orc warriors
  10 ice beasts
  2 phantoms
  2 black bears
  A sky beast (D:10)
  11 ogres
  14 wolves (IceCv)
  4 centaurs
  2 crocodiles
  2 big kobolds (D:11)
  3 bullfrogs
  A wyvern zombie (D:10)
  A scorpion (D:6)
  A wyvern skeleton (D:8)
  12 killer bees
  3 howler monkeys
  7 crimson imps
  2 centaur zombies (D:11)
  A hound (D:8)
  A quasit (D:5)
  10 orc wizards
  7 orc priests
  A gnoll shaman (D:8)
  2 jellies
  2 centaur skeletons
  A bullfrog skeleton (D:11)
  3 iguanas
  Natasha (thrice) (D:2)
  7 worker ants
  2 hound skeletons
  A worker ant zombie (D:9)
  14 gnolls
  20 adders
  A river rat (D:3)
  4 shadow imps
  2 oozes
  3 adder zombies
  2 worms
  A dart slug (D:1)
  4 leopard geckos
  47 orcs
  5 bats
  5 giant cockroaches
  15 goblins
  11 hobgoblins
  7 jackals
  22 kobolds
  4 quokkas
  4 frilled lizards
  A jackal zombie (D:8)
  A leopard gecko skeleton (D:5)
  10 rats
403 creatures vanquished.

Vanquished Creatures (others)
  3 polar bears (IceCv)
  A yak (IceCv)
  An ogre (D:5)
  An orc priest (D:6)
  5 fungi
  5 plants
16 creatures vanquished.

Grand Total: 419 creatures vanquished

Table legend:
 A = Turns spent in this place as a percentage of turns spent in the entire game.
 B = Non-inter-level travel turns spent in this place as a percentage of non-inter-level travel turns spent in the entire game.
 C = Inter-level travel turns spent in this place as a percentage of turns spent in this place.
 D = Turns resting spent in this place as a percentage of non-inter-level travel turns spent in this place.
 E = Turns spent auto-exploring this place as a percentage of non-inter-level travel turns spent in this place.
 F = Non-inter-level travel turns spent in this place divided by the number of levels of this place that you've seen.
                   A       B       C       D       E      F
               +-------+-------+-------+-------+-------+----------------------
         Total | 100.0 | 100.0 |   5.6 |  49.6 |  36.5 | 1260.4
       Dungeon |  84.4 |  83.6 |   6.4 |  48.3 |  38.1 | 1533.0
        Temple |   0.6 |   0.5 |   8.5 |   0.0 |  99.1 | 108.0
          Lair |   7.1 |   7.4 |   1.8 |  48.2 |  39.7 | 747.5
  Orcish Mines |   0.0 |   0.0 |   0.0 |   0.0 |   0.0 |   4.0
      Ice Cave |   7.9 |   8.4 |   0.0 |  67.4 |  14.0 | 1697.0
               +-------+-------+-------+-------+-------+----------------------
